 Dungeon Crawl Stone Soup version 0.23-a0-14-g8c9a20f (webtiles) character file.

1452 Gruud the Purveyor of Pain (level 8, -4/52 HPs)
             Began as a Demonspawn Necromancer on Aug 2, 2018.
             Was an Initiate of Kikubaaqudgha.
             Slain by a black bear (8 damage)
             ... on level 6 of the Dungeon on Aug 3, 2018.
             The game lasted 00:27:44 (4707 turns).

Gruud the Purveyor of Pain (Demonspawn Necromancer) Turns: 4707, Time: 00:27:45

Health: -4/52      AC:  6    Str: 11    XL:     8   Next: 47%
Magic:  0/11       EV: 14    Int: 15    God:    Kikubaaqudgha [......]
Gold:   232        SH:  0    Dex: 13    Spells: 3/11 levels left

rFire    x . .     SeeInvis .   a - +2 trident (venom)
rCold    + + .     Gourm    .   (no shield)
rNeg     . . .     Faith    +   E - +0 robe of Unreason {rPois rCorr} (curse)
rPois    +         Spirit   +   (no helmet)
rElec    .         Reflect  .   w - +0 cloak
rCorr    +         Harm     .   (no gloves)
MR       +....                  j - +0 pair of boots
Stlth    ++........             f - amulet of faith
HPRegen  0.17/turn              D - ring of protection from cold
MPRegen  0.12/turn              l - ring of ice

@: no status effects
A: talons 1, icy blue scales 1, deterioration 1, dopey 1, magic resistance 1,
powered by pain 2, magic shield
a: Renounce Religion


You were on level 6 of the Dungeon.
You worshipped Kikubaaqudgha.
Kikubaaqudgha was noncommittal.
You were not hungry.

You visited 2 branches of the dungeon, and saw 7 of its levels.

You collected 232 gold pieces.

Inventory:

Hand Weapons
 a - a +2 trident of venom (weapon)
 b - a +3 hunting sling
 d - a +2 long sword of slicing
 q - a +0 blowgun
 r - a +0 falchion
 A - a +0 whip
 C - a +0 dire flail
 H - a +0 shortbow
Missiles
 g - 32 sling bullets
 h - 93 stones
 k - 71 arrows
 t - 46 bolts
 u - 7 needles of confusion
 x - 18 poisoned needles
 B - 5 tomahawks
 F - 8 javelins (quivered)
Armour
 j - a +0 pair of boots (worn)
 n - a +1 robe
 w - a +0 cloak (worn)
 E - the cursed +0 robe of Unreason (worn) {rPois rCorr}
   (You found it on level 5 of the Dungeon)

   It protects you from poison.
   It provides partial protection from all sources of acid and corrosion.
   It has a curse placed upon it.
Jewellery
 f - an amulet of faith (around neck)
 l - a ring of ice (right hand)
 D - a ring of protection from cold (left hand)
Wands
 s - a wand of polymorph (12)
 v - a wand of paralysis (10)
Scrolls
 m - 3 scrolls of remove curse
 o - 2 scrolls of enchant armour
 p - 5 scrolls of amnesia
Potions
 e - 2 potions of might
 i - 4 potions of curing
 G - a potion of lignification
 I - a potion of berserk rage {unknown}
Comestibles
 c - 10 rations


   Skills:
 * Level 4.7 Maces & Flails
 + Level 3.8 Dodging
 - Level 1.7 Stealth
 - Level 2.0 Spellcasting
 - Level 10.0 Necromancy


You had 3 spell levels left.
You knew the following spells:

 Your Spells              Type           Power        Failure   Level  Hunger
a - Pain                  Necr           ####         1%          1    #......
b - Animate Skeleton      Necr           N/A          1%          1    #......
c - Vampiric Draining     Necr           ####......   1%          3    ###....
d - Regeneration          Chrm/Necr      ###.......   9%          3    ###....

Your spell library contained the following spells:

 Spells                   Type           Power        Failure   Level  Hunger
 Animate Dead             Necr           N/A          3%          4    #####..


Dungeon Overview and Level Annotations

Branches:
Dungeon (6/15)             Temple (1/1) D:6

Altars:
Ashenzari
Cheibriados
Dithmenos
Elyvilon
Fedhas
Kikubaaqudgha
Nemelex Xobeh
Okawaru
Qazlal
Ru
Sif Muna
Uskayaw
Vehumet
Xom
Yredelemnul
The Shining One

Annotations:
D:6 Sigmund


Innate Abilities, Weirdness & Mutations

You have sharp toenails.
You are partially covered in icy blue scales. (AC +2)
You sometimes gain power by taking damage.
When hurt, damage is shared between your health and your magic reserves.
Your body sometimes deteriorates upon taking damage.
You are dopey. (Int -2)
You are resistant to hostile enchantments. (MR+)


Message History

The black bear rages.
The black bear bites you.
* * * LOW HITPOINT WARNING * * *
The black bear claws you.
* * * LOW HITPOINT WARNING * * *
The black bear claws you.
* * * LOW HITPOINT WARNING * * *
You feel better. The black bear barely misses you.
The black bear completely misses you. The black bear claws you.
* * * LOW HITPOINT WARNING * * *
As you read the scroll labeled WEJISOUTAPT, it crumbles to dust.
The scroll dissolves into smoke.
It was a scroll of fog.
The black bear bites you.
* * * LOW HITPOINT WARNING * * *
The black bear claws you.
* * * LOW HITPOINT WARNING * * *
The black bear completely misses you. The leopard gecko misses you.
The black bear bites you!
You die...
Kikubaaqudgha rasps: "You have failed me!
Welcome... death!"

...#.####.#####......#
.....# #.#.......##+#
...#.####.#.##..###
#...# #.##......#.##.##
#...# ...##.#####.##.+
#..Y# . ....##.#
#.##.## #...# #.
.....#.# #.##§§###
#...# ###.. ._...#.#
#...§§§l####..%####...#
.....###
####§§@ha..##'##....#.#
....##
#§#####oY...........
...## #.#
########>#.#.. #.# ###
#...... #.#
##.######.##. #.#
#.#.....<.... #.#
##.#####.....
##.#######.# #...##
#..........# ######


You could see a black bear (berserk), a worker ant and a leopard gecko.

Vanquished Creatures
  Prince Ribbit (D:6)
  Menkaure (D:4)
  2 ice beasts (D:5)
  An ogre (D:4)
  A centaur (D:6)
  Blork the orc (D:6)
  A scorpion (D:4)
  3 wights (D:5)
  3 hounds
  A jelly (D:6)
  2 orc priests (D:3)
  A gnoll shaman (D:4)
  2 orc wizards (D:4)
  3 worker ants
  A worker ant zombie (D:6)
  4 gnolls
  4 adders
  A shadow imp (D:5)
  2 oozes
  A worm (D:4)
  2 dart slugs
  2 leopard geckos
  9 orcs
  4 giant cockroaches
  4 goblins
  5 hobgoblins
  8 jackals
  3 quokkas
  A ball python (D:2)
  3 bats (D:1)
  4 frilled lizards
  5 kobolds
  7 rats
93 creatures vanquished.

Vanquished Creatures (collateral kills)
  An orc wizard (D:4)
  A centaur skeleton (D:4)
  A gnoll (D:4)
  A worm (D:2)
  A frilled lizard (D:1)
5 creatures vanquished.

Vanquished Creatures (others)
  An ice beast (D:5)
  A howler monkey (D:5)
  An orc (D:5)
3 creatures vanquished.

Grand Total: 101 creatures vanquished

Notes
Turn   | Place    | Note
-------+----------+-------------------------------------------
     0 | D:1      | Gruud the Demonspawn Necromancer began the quest for the Orb.
     0 | D:1      | Reached XP level 1. HP: 13/13 MP: 3/3
     2 | D:1      | Learned a level 1 spell: Animate Skeleton
   221 | D:1      | Gained mutation: When hurt, damage is shared between your health and your magic reserves. [demonic ancestry]
   221 | D:1      | Reached XP level 2. HP: 15/19 MP: 3/5
   358 | D:1      | Reached skill level 5 in Necromancy
   763 | D:1      | Gained mutation: Your body sometimes deteriorates upon taking damage. [potion of mutation]
   763 | D:1      | Gained mutation: You are dopey. (Int -2) [potion of mutation]
   763 | D:1      | Gained mutation: You are resistant to hostile enchantments. (MR+) [potion of mutation]
   763 | D:1      | Gained mutation: You have large cloven feet. [potion of mutation]
  1223 | D:2      | Found a shattered altar of Ashenzari.
  1259 | D:2      | Reached XP level 3. HP: 24/24 MP: 6/6
  1292 | D:2      | Found a deep blue altar of Sif Muna.
  1307 | D:2      | Learned a level 3 spell: Vampiric Draining
  1566 | D:2      | Reached skill level 6 in Necromancy
  1939 | D:3      | Lost mutation: You have large cloven feet. [demonic ancestry]
  1939 | D:3      | Gained mutation: You have sharp toenails. [demonic ancestry]
  1939 | D:3      | Reached XP level 4. HP: 17/30 MP: 0/7
  2415 | D:3      | Reached skill level 7 in Necromancy
  2415 | D:3      | Reached XP level 5. HP: 17/35 MP: 0/8
  2861 | D:4      | Reached skill level 8 in Necromancy
  2892 | D:4      | Learned a level 3 spell: Regeneration
  2895 | D:4      | Noticed an ogre
  2903 | D:4      | Killed an ogre
  2903 | D:4      | Gained mutation: You are partially covered in icy blue scales. (AC +2) [demonic ancestry]
  2903 | D:4      | Reached XP level 6. HP: 14/41 MP: 0/9
  2954 | D:4      | Found a stormy altar of Qazlal.
  3014 | D:4      | Noticed Menkaure
  3029 | D:4      | Killed Menkaure
  3029 | D:4      | Reached skill level 9 in Necromancy
  3080 | D:4      | Gained mutation: You sometimes gain a little power by taking damage. [demonic ancestry]
  3080 | D:4      | Reached XP level 7. HP: 27/46 MP: 2/10
  3170 | D:5      | Entered Level 5 of the Dungeon
  3460 | D:5      | Reached skill level 10 in Necromancy
  3601 | D:5      | Got a slimy robe
  3612 | D:5      | Identified the cursed +0 robe of Unreason {rPois rCorr} (You found it on level 5 of the Dungeon)
  3672 | D:5      | Reached skill level 1 in Maces & Flails
  3932 | D:5      | Gained mutation: You sometimes gain power by taking damage. [demonic ancestry]
  3932 | D:5      | Reached XP level 8. HP: 50/52 MP: 9/11
  4226 | D:6      | Noticed Prince Ribbit
  4246 | D:6      | Killed Prince Ribbit
  4262 | D:6      | Noticed Sigmund
  4404 | D:6      | Found a basalt altar of Yredelemnul.
  4428 | D:6      | Noticed Blork the orc
  4440 | D:6      | Killed Blork the orc
  4469 | D:6      | Found a staircase to the Ecumenical Temple.
  4475 | Temple   | Entered the Ecumenical Temple
  4603 | Temple   | Became a worshipper of Kikubaaqudgha
  4707 | D:6      | Slain by a black bear

Vault maps used:
D:1:      doesnt_arrival_eight_statues
D:2:      old_standard_altar, overflow_temple_1_default, hangedman_glass_teeth,
          cheibrodos_gnoll_hut
D:4:      first_ration, nicolae_qazlal_general_emergency, uniq_menkaure
D:5:      lemuel_flamethrower_2
D:6:      lemuel_round_altar, nicolae_overflow_quartered_altars,
          minmay_temple_entry_fiery, minmay_divided_ellipse, uniq_sigmund,
          uniq_blork_the_orc, uniq_prince_ribbit1
Temple:   oiseaux_autumnal_temple

Skill      XL: |  1  2  3  4  5  6  7  8 |
---------------+-------------------------+-----
Necromancy     | 5 6 7 8 9 10 | 10.0
Maces & Flails | 2 4 |  4.7
Dodging        | 2 3 |  3.8
Stealth        | |  1.7
Spellcasting   | |  2.0

Action                   |  1- 3 |  4- 6 |  7- 9 || total
-------------------------+-------+-------+-------++-------
Melee: Club              |    11 |       |       ||    11
       Spear             |    43 |    18 |       ||    61
       Kick              |     2 |       |       ||     2
       Trident           |       |    43 |   122 ||   165
 Fire: Hunting sling     |     4 |       |     4 ||     8
       Blowgun           |       |     6 |     1 ||     7
 Cast: Pain              |    37 |    30 |     5 ||    72
       Animate Skeleton  |    11 |     8 |    11 ||    30
       Vampiric Draining |     1 |     3 |     3 ||     7
       Regeneration      |       |     3 |     3 ||     6
  Use: Scroll            |     5 |     5 |     2 ||    12
       Potion            |     1 |     3 |     2 ||     6
 Stab: Sleeping          |     4 |     2 |     4 ||    10
       Distracted        |       |     2 |       ||     2
  Eat: Chunk             |     4 |     5 |     7 ||    16
Armor: Robe              |    12 |    19 |    22 ||    53
       Scale mail        |     1 |       |       ||     1
Dodge: Dodged            |    37 |    48 |    72 ||   157

Table legend:
 A = Spawn XP
 B = Non-spawn XP
 C = Spawn XP percentage of total XP
 D = Spawn monster count
 E = Non-spawn monster count
 F = Spawn count percentage of total count
 G = Total turns spent on level
                    A         B        C        D         E        F      G
               +---------+---------+-------+---------+---------+-------+---------
         Total |       0 |    2075 |   0.0 |       0 |      99 |   0.0 |  4707
               +---------+---------+-------+---------+---------+-------+---------
           D:1 |       0 |      37 |   0.0 |       0 |      20 |   0.0 |  1090
           D:2 |       0 |      48 |   0.0 |       0 |      15 |   0.0 |   857
           D:3 |       0 |     218 |   0.0 |       0 |      20 |   0.0 |   907
           D:4 |       0 |     620 |   0.0 |       0 |      21 |   0.0 |   597
           D:5 |       0 |     661 |   0.0 |       0 |      18 |   0.0 |   794
           D:6 |       0 |     491 |   0.0 |       0 |       5 |   0.0 |   314
               +---------+---------+-------+---------+---------+-------+---------
